 Dungeon Crawl Stone Soup version 0.20.0-1-g1cb1d84 (webtiles) character file.

21 FakerFangirl the Skirmisher (level 2, -1/26 HPs)
             Began as a Draconian Fighter on May 26, 2017.
             Slain by a jackal (3 damage)
             ... on level 1 of the Dungeon.
             The game lasted 00:00:31 (318 turns).

FakerFangirl the Skirmisher (Draconian Fighter)      Turns: 318, Time: 00:00:32

Health: -1/26      AC:  4    Str: 18    XL:     2   Next: 62%
Magic:  2/2        EV: 10    Int:  8    God:
Gold:   7          SH:  8    Dex: 10    Spells: 1/1 levels left

rFire    . . .     SeeInvis .   a - +0 flail
rCold    . . .     Gourm    .   b - +0 shield
rNeg     . . .     Faith    .   (armour unavailable)
rPois    .         Spirit   .   (helmet restricted)
rElec    .         Reflect  .   (no cloak)
rCorr    .         Harm     .   (no gloves)
MR       .....                  (no boots)
Stlth    +.........             (no amulet)
Regen    0.1/turn               (no ring)
MPRegen  0.1/turn               (no ring)

@: no status effects
A: unfitting armour, cold-blooded, AC +4
a: no special abilities


You were on level 1 of the Dungeon.
You were not hungry.

You visited 1 branch of the dungeon, and saw 1 of its levels.

You collected 7 gold pieces.


Innate Abilities, Weirdness & Mutations

Your plain brown scales are hard. (AC +4)
You cannot fit into any form of body armour.
You are cold-blooded and may be slowed by cold attacks.


   Skills:
 - Level 3.2 Fighting
 + Level 3.2 Maces & Flails
 - Level 2.6 Dodging
 - Level 3.0 Shields


You had one spell level left.
You didn't know any spells.

Inventory:

Hand Weapons
 a - a +0 flail (weapon)
Armour
 b - a +0 shield (worn)
Potions
 c - a potion of might
 e - 2 potions of berserk rage {unknown}
 g - a potion of curing {unknown}
 h - a potion of heal wounds {unknown}
Comestibles
 d - a bread ration
 f - 7 chunks of flesh

Dungeon Overview and Level Annotations

Branches:
Dungeon (1/15)

Altars:


Message History

The jackal barely misses you. The jackal closely misses you.
The jackal bites you. The rat bites you but does no damage.
The jackal bites you but does no damage. x2
You closely miss the jackal.
The jackal is severely wounded.
The jackal closely misses you.
The jackal bites you but does no damage.
The rat bites you but does no damage. You block the jackal's attack. x3
The rat bites you.
You hit the jackal.
You kill the jackal!
You block the jackal's attack. x2; The jackal bites you.
The jackal bites you but does no damage.
The rat bites you but does no damage.
317 ||| Stepping ~*~*~tactically~*~*~ (outnumbered).
The goblin closely misses you.
You barely miss the goblin.
The jackal bites you but does no damage.
The jackal closely misses you. The jackal bites you.
You die...

###### #....# #.##.#
#.##.###############
#.##...............#
#.################.#
#.#.r.#..... #.#
#.#@h.....# #.#
#.#ghg..#.. #.#
..####%#.#...#. #.#
................#
#..
.....#..#.........
#.. ....
#....(....... #..
.## #...####.....
#.# #...# .#### #.#
#...# .. #.#


You could see 2 jackals, a hobgoblin, a goblin and a rat.

Vanquished Creatures
  A giant cockroach (D:1)
  2 goblins (D:1)
  2 hobgoblins (D:1)
  6 jackals (D:1)
  2 kobolds (D:1)
  A bat (D:1)
  A frilled lizard (D:1)
  2 rats (D:1)
17 creatures vanquished.

Notes
Turn   | Place    | Note
-------+----------+-------------------------------------------
     0 | D:1      | FakerFangirl the Draconian Fighter began the quest for the Orb.
     0 | D:1      | Reached XP level 1. HP: 19/19 MP: 1/1
     0 | D:1      | 0 ||| counter = 91
    13 | D:1      | 13 ||| Stepping ~*~*~tactically~*~*~ (water).
   181 | D:1      | Reached XP level 2. HP: 22/26 MP: 2/2
   296 | D:1      | Reached skill level 3 in Maces & Flails
   301 | D:1      | 301 ||| Stepping ~*~*~tactically~*~*~ (outnumbered).
   303 | D:1      | 303 ||| Stepping ~*~*~tactically~*~*~ (outnumbered).
   314 | D:1      | HP: 6/26 [jackal (1)]
   316 | D:1      | HP: 2/26 [jackal (2)]
   317 | D:1      | 317 ||| Stepping ~*~*~tactically~*~*~ (outnumbered).
   318 | D:1      | Slain by a jackal

Vault maps used:
D:1:      sevenhm_arrival_forest_fort_small_4, wad_floor_pattern_untrapped

Skill      XL: |  1  2 |
---------------+-------+-----
Maces & Flails | 3 |  3.2
Fighting       | |  3.2
Dodging        | |  2.6
Shields        | |  3.0

Action                   || total
-------------------------++-------
Melee: Flail             ||    55
       Tailslap          ||     5
Armor: Skin              ||    36
Dodge: Dodged            ||    62
Block: Shield            ||    46
